 Dungeon Crawl Stone Soup version bcrawl-1.28.1b (webtiles) character file.

Game seed: 16614980044468028017

90321 Adamkad1 the Ruffian (level 2, 0/23 HPs)
             Began as a Draconian Transmuter on Dec 12, 2020.
             Slain by a shadow imp (2 damage)
             ... on level 4 of the Dungeon.
             The game lasted 00:00:49 (486 turns).

Adamkad1 the Ruffian (Draconian Transmuter)          Turns: 486, Time: 00:00:50

Health: 0/23       AC:  4    Str: 12    XL:     2   Next: 13%
Magic:  5/5        EV: 12    Int: 13    God:
Gold:   89         SH:  0    Dex: 11    Spells: 4/5 levels left

rFire    . . .     SeeInvis .     - Fists (6.6)
rCold    . . .     Gourm    .   (no shield)
rNeg     . . .     Faith    .   (armour unavailable)
rPois    .         Spirit   .   (helmet restricted)
rElec    .         Reflect  .   (no cloak)
rCorr    .         Harm     .   (no gloves)
MR       .....                  (no boots)
Stlth    +.........             (no amulet)
HPRegen  0.07/turn              (no ring)
MPRegen  0.09/turn              (no ring)

@: lethally poisoned (0 -> -4)
A: unfitting armour, cold-blooded, AC +4
a: no special abilities


You were on level 4 of the Dungeon.
You were not hungry.

You visited 1 branch of the dungeon, and saw 4 of its levels.

You collected 89 gold pieces.

Inventory:

Missiles
 a - 337 arrows
Scrolls
 b - a scroll of magic mapping {unknown}
 f - a scroll of noise {unknown}
 g - a scroll of fog {unknown}
Potions
 c - a potion of lignification
 h - a potion of degeneration {unknown}
Comestibles
 e - 2 rations {!d}


   Skills:
 + Level 1.4 Fighting
 + Level 1.9 Dodging
 + Level 3.1 Unarmed Combat
 + Level 2.1 Spellcasting
 * Level 2.1 Transmutations


You had 4 spell levels left.
You knew the following spells:

 Your Spells              Type           Power        Failure   Level  Hunger
a - Beastly Appendage     Tmut           #.....       11%         1    None

Your spell library contained the following spells:

 Spells                   Type           Power        Failure   Level  Hunger
 Sticks to Snakes         Tmut           #.......     16%         2    ##.....
 Passwall                 Tmut/Erth      #.......     24%         2    ##.....
 Spider Form              Tmut/Pois      #..          43%         3    ####...
 Ice Form                 Ice/Tmut       #.......     85%         4    ######.
 Blade Hands              Tmut           #.........   96%         5    #######


Dungeon Overview and Level Annotations

Branches:
Dungeon (4/12)
 Temple: D:4-7

Altars:

Annotations:
D:3 Ijyb


Innate Abilities, Weirdness & Mutations

Your plain brown scales are hard. (AC +4)
You cannot fit into any form of body armour.
You are cold-blooded and may be slowed by cold attacks.


Message History

The crimson imp shouts!
The ogre shouts!
You hear a shout!
Found five items.
Found a stone staircase leading down.
An orc comes into view. It is wielding a +0 dagger.
The orc shouts!
The adder bites you but does no damage.
You feel sick.
A shadow imp comes into view.
The shadow imp shouts, "Out, out, thou errant toad-spotted tiler!"
The adder bites you. The orc closely misses you.
The shadow imp gestures at you. Pain shoots through your body!
* * * LOW HITPOINT WARNING * * *
The quokka skeleton barely misses you.
* * * LOW HITPOINT WARNING * * *
You feel sick. The orc hits you but does no damage.
The crimson imp shouts, "Get thee gone, thou worthless knotty-pated cross-patch!"
The crimson imp hits you.
* * * LOW HITPOINT WARNING * * *
The shadow imp hits you.
You die...

#..............).
#.................
#...s.O.l.........
#.................
#...........!.....
#........Z........
#....$..o5S.......
#.................
#........5@.......
#......)..........
#..........$......
#.................
............!....
.................
################


You could see an ogre, a crimson imp, an adder, a shadow imp, an orc, a giant
cockroach, a frilled lizard and a quokka skeleton.

Vanquished Creatures
  2 ball pythons (D:1)
  2 hobgoblins (D:1)
  2 kobolds (D:1)
  A quokka (D:3)
  2 frilled lizards (D:1)
  2 rats (D:1)
11 creatures vanquished.

Notes
Turn   | Place    | Note
-------+----------+-------------------------------------------
     0 | D:1      | Adamkad1 the Draconian Transmuter began the quest for the
                  | Orb.
     0 | D:1      | Reached XP level 1. HP: 16/16 MP: 3/3
   241 | D:1      | Reached XP level 2. HP: 22/23 MP: 5/5
   249 | D:1      | You fall into a shaft and drop 1 floor!
   442 | D:3      | Noticed Ijyb
   478 | D:4      | Noticed a crimson imp
   478 | D:4      | Noticed an ogre
   486 | D:4      | Slain by a shadow imp

Action                   || total
-------------------------++-------
Melee: Unarmed           ||    29
       Headbutt          ||     3
       Tailslap          ||     3
       Kick              ||     1
       Punch             ||     1
 Cast: Beastly Appendage ||     5
Armor: Skin              ||    10
Dodge: Dodged            ||    16
